 Dungeon Crawl Stone Soup version 0.27.0-1-g7a089689b8 (webtiles) character file.

Game seed: 9118931577638463255

16777 Crazydiamond the Grappler (level 12, -14/118 HPs)
             Began as a Naga Transmuter on Aug 17, 2021.
             Was a High Priest of Cheibriados.
             Killed from afar by a rime drake (22 damage)
             ... with a flash freeze
             ... on level 2 of the Lair of Beasts.
             The game lasted 00:58:10 (16741 turns).

Crazydiamond the Grappler (Naga Transmuter)        Turns: 16741, Time: 00:58:10

Health: -14/118    AC:  9    Str: 32    XL:     12   Next: 41%
Magic:  22/22      EV: 15    Int: 29    God:    Cheibriados [*****.]
Gold:   713        SH:  0    Dex: 25    Spells: 16/24 levels left

rFire    x . .     SeeInvis +     - Unarmed
rCold    + + +     Faith    .   (shield currently unavailable)
rNeg     . . .     Spirit   .   (armour currently unavailable)
rPois    +         Reflect  .   (helmet currently unavailable)
rElec    .         Harm     .   (cloak currently unavailable)
rCorr    .         Rampage  .   (gloves currently unavailable)
Will     +....     Rnd*Tele +   (no barding)
Stlth    ++++......             t - amulet of magic regeneration
HPRegen  0.29/turn              n - ring of wizardry
MPRegen  0.43/turn              H - +6 ring of strength

@: ice-form (expiring), very slow
A: freezing attack, amphibious, boosted hp, AC +4, large, see invisible,
(deformed body), (poison resistance), (slowness 2), spit poison 1, (naga tail
1), teleportitis 1, weak 1
a: Spit Poison, End Transformation, Renounce Religion, Bend Time, Temporal
Distortion, Slouch, Step From Time


You were on level 2 of the Lair of Beasts.
You worshipped Cheibriados.
Cheibriados was extremely pleased with you.
You were a creature of crystalline ice.
You visited 3 branches of the dungeon, and saw 12 of its levels.
You also visited: Ossuary.

You collected 713 gold pieces.

Inventory:

Missiles
 b - 5 curare-tipped darts (quivered)
 e - 2 javelins
 k - 4 throwing nets
 r - 53 poisoned darts
Armour
 a - a +0 robe
 c - the +1 barding "Myikuwar" (melded) {rElec rF- Will+++ Dex+4}
   (You acquired it on level 6 of the Dungeon)

   Dex:       It affects your dexterity (+4).
   rF:        It makes you vulnerable to fire.
   rElec:     It insulates you from electricity.
   Will:      It greatly increases your willpower.
 d - a +2 ring mail of fire resistance
 h - a +2 cloak
 q - a +0 pair of gloves (melded)
 v - a +0 kite shield
 w - a +5 plate armour of ponderousness
 x - a +3 leather armour of cold resistance (melded)
 z - +0 steam dragon scales
 G - a +2 cloak of stealth (melded)
Magical Staves
 y - a staff of cold
Jewellery
 n - a ring of wizardry (left front paw)
 s - a ring of flight
 t - an amulet of magic regeneration (around neck)
 D - an amulet of reflection
 H - a +6 ring of strength (right front paw)
 I - a ring of protection from cold
 Q - a ring of wizardry
Wands
 p - a wand of digging (4)
 B - a wand of acid (8)
 M - a wand of flame (23)
 N - a wand of charming (2)
Scrolls
 j - 7 scrolls of immolation
 u - 3 scrolls of enchant weapon
 K - 2 scrolls of vulnerability
 O - a scroll of magic mapping
Potions
 f - 2 potions of brilliance
 m - 2 potions of cancellation
 o - 3 potions of ambrosia
 A - a potion of degeneration
 C - 2 potions of flight
 F - 4 potions of curing
 J - a potion of mutation
 L - a potion of lignification
 P - a potion of berserk rage


   Skills:
 + Level 3.6 Fighting
 + Level 1.0 Throwing
 + Level 3.3 Armour
 + Level 6.5 Dodging
 + Level 7.8 Stealth
 + Level 13.2 Unarmed Combat
 + Level 6.9 Spellcasting
 + Level 6.6 Transmutations
 + Level 3.1 Ice Magic
 - Level 2.6 Poison Magic


You had 16 spell levels left.
You knew the following spells:

 Your Spells              Type           Power      Damage    Failure   Level
a - Beastly Appendage     Tmut           96%        N/A       1%          1
b - Spider Form           Tmut/Pois      18%        N/A       1%          3
c - Ice Form              Ice/Tmut       38%        N/A       2%          4

Your spell library contained the following spells:

 Spells                   Type           Power      Damage    Failure   Level
 Freeze                   Ice            100%       1d11      1%          1
 Wereblood                Tmut           48%        N/A       1%          2
 Frozen Ramparts          Ice            56%        1d7       1%          3
 Animate Skeleton         Necr           20%        N/A       2%          1
 Pain                     Necr           40%        1d6       2%          1
 Static Discharge         Conj/Air       10%        N/A       3%          2
 Sublimation of Blood     Necr           5%         N/A       3%          2
 Dazzling Flash           Conj/Hex       20%        N/A       6%          3
 Vampiric Draining        Necr           5%         2d6       6%          3
 Hailstorm                Conj/Ice       19%        3d6       11%         4
 Iskenderun's Mystic Bla  Conj/Tloc      10%        2d4       21%         4
 Lightning Bolt           Conj/Air       5%         1d17      47%         5
 Starburst                Conj/Fire      5%         8x6d4     95%         6
 Summon Hydra             Summ           5%         N/A       100%        7
 Maxwell's Capacitive Co  Air            5%         ∞         100%        8


Dungeon Overview and Level Annotations

Branches:
Dungeon (9/15)             Temple (1/1) D:4            Lair (2/6) D:9
Ossuary (visited)
  Swamp: Lair:2-4    Shoals: Lair:2-4     Snake: Lair:2-4    Spider: Lair:2-4
    Orc: D:9-12

Altars:
Ashenzari
Cheibriados
Dithmenos
Elyvilon
Fedhas
Gozag
Hepliaklqana
Kikubaaqudgha
Makhleb
Nemelex Xobeh
Okawaru
Ru
Sif Muna
Trog
Uskayaw
Vehumet
Wu Jian
Xom
Yredelemnul
Zin
The Shining One

Shops:
D:1 (

Annotations:
D:9 2 runed translucent doors, gareppa's ghost, novice GrFi


Innate Abilities, Weirdness & Mutations

You are a creature of crystalline ice.
You have a powerful freezing melee attack.
You are amphibious.
Your maximum health is increased.
Your armour is entirely melded.
You are incapable of wielding weapons or throwing items.
((Your serpentine skin is tough. (AC +4)))
You have supernaturally acute eyesight. (SInv)
((Armour fits poorly on your strangely shaped body.))
((Your system is resistant to poisons. (rPois)))
((You cover ground very slowly.))
You can spit poison.
((You have a snake-like lower body.))
You are occasionally teleported next to monsters.
You are weak. (Str -2)


Message History

You freeze the steam dragon.
You kill the steam dragon!
Cheibriados thoroughly appreciates the change of pace.
You see here 17 gold pieces.
Your transformation is almost over.
The steam dragon hisses angrily.
The steam dragon breathes steam at you. The ball of steam hits you!
The steam scalds you terribly!
The rime drake hisses angrily.
You are engulfed in a cloud of scalding steam.
The rime drake breathes ice at you. The flash freeze hits you!
You partially resist.
* * * LOW HITPOINT WARNING * * *
You are encased in ice.
The steam dragon breathes steam at you. The ball of steam hits you!
The steam scalds you terribly!
* * * LOW HITPOINT WARNING * * *
You punch the steam dragon! You freeze the steam dragon.
The steam dragon is heavily wounded.
You are engulfed in a cloud of scalding steam.
* * * LOW HITPOINT WARNING * * *
The steam dragon closely misses you.
The steam dragon claws you but does no damage.
You hit the steam dragon. You freeze the steam dragon.
The steam dragon is almost dead.
You are engulfed in a cloud of scalding steam.
* * * LOW HITPOINT WARNING * * *
The rime drake bites you but does no damage.
The steam dragon misses you. x2
You pummel the steam dragon!! You freeze the steam dragon.
You kill the steam dragon!
Cheibriados thoroughly appreciates the change of pace.
You are engulfed in a cloud of scalding steam.
* * * LOW HITPOINT WARNING * * *
The ice encasing you melts away.
The rime drake bites you but does no damage.
You feel better. The rime drake breathes ice at you.
The flash freeze hits you!! You partially resist.
You die...

#P##. #...#
#...##
##.≈$.##
#......# ##
#......# #.
##.....§### ##
#.........##..
###
##.§§Y..#.....
#.#
#..8k...##.#
#.. #....≈≈##
# #.# #......#
#.P #.....##
#.. #....##
#.. #..≈## #..
#...## #..
#....## ## #..


You could see a rime drake (catching breath).

Vanquished Creatures
  Erica (D:8)
  A hydra (Lair:1)
  3 two-headed ogres
  Maurice (D:7)
  An elephant (D:9)
  5 cane toads
  A torpor snail (Lair:2)
  Psyche (D:7)
  2 rime drakes (Lair:2)
  Maggie (D:6)
  3 komodo dragons
  A polar bear (Lair:1)
  5 blink frogs (Lair:2)
  Sigmund (D:6)
  A wyvern (D:9)
  16 yaks
  Grum (D:8)
  3 basilisks
  9 steam dragons
  An acid dragon (Lair:2)
  Edmund (D:6)
  2 water moccasins
  An orc warrior (D:8)
  An ice beast (D:5)
  A sky beast (D:6)
  A black bear (Lair:2)
  An ogre (D:4)
  2 necrophages
  A phantom (D:4)
  9 wolves
  A kobold brigand (D:8)
  3 bullfrogs
  A scorpion (Lair:2)
  A wyvern zombie (D:8)
  4 water moccasin zombies (Ossuary)
  3 killer bees (D:8)
  4 howler monkeys
  2 electric eels (Lair:2)
  A bullfrog zombie (D:6)
  2 centaur zombies
  A centaur skeleton (D:7)
  4 orc priests
  A gnoll shaman (D:9)
  5 hounds
  A jelly (D:6)
  3 bullfrog skeletons
  An iguana (D:7)
  6 orc wizards
  2 mummies (Ossuary)
  2 howler monkey zombies
  A howler monkey skeleton (D:5)
  9 gnolls
  5 adders
  A white imp (D:8)
  An adder skeleton (D:5)
  11 adder zombies (Ossuary)
  A worm (D:3)
  A dart slug (D:2)
  34 orcs
  8 bats
  8 endoplasms
  3 giant cockroaches
  5 gnoll zombies (Ossuary)
  5 goblins
  10 hobgoblins
  8 jackals
  3 quokkas
  10 ball pythons
  3 frilled lizards (D:1)
  4 hobgoblin zombies (Ossuary)
  14 kobolds
  A kobold zombie (Ossuary)
  8 orc zombies (Ossuary)
  5 rats
285 creatures vanquished.

Vanquished Creatures (others)
  2 rime drakes (Lair:2)
  A steam dragon (Lair:2)
  10 fungi (Lair:2)
  32 plants
45 creatures vanquished.

Grand Total: 330 creatures vanquished

Notes
Turn   | Place    | Note
-------+----------+-------------------------------------------
     0 | D:1      | Crazydiamond the Naga Transmuter began the quest for the
                  | Orb.
     0 | D:1      | Reached XP level 1. HP: 18/18 MP: 3/3
   123 | D:1      | Reached XP level 2. HP: 15/25 MP: 5/5
   543 | D:1      | Found a faded altar of an unknown god.
   860 | D:1      | Found Irghi Nue's Antique Weapon Shoppe.
  1201 | D:2      | Reached XP level 3. HP: 23/31 MP: 4/6
  1205 | D:2      | Learned a level 3 spell: Spider Form
  1467 | D:2      | Reached skill level 1 in Stealth
  1784 | D:2      | Reached XP level 4. HP: 38/38 MP: 0/7
  2882 | D:3      | Found a radiant altar of Vehumet.
  2980 | D:3      | Reached skill level 4 in Unarmed Combat
  2980 | D:3      | Reached XP level 5. HP: 33/44 MP: 5/9
  3368 | D:3      | Found a burning altar of Makhleb.
  3795 | D:3      | Found a blossoming altar of Fedhas.
  4039 | D:4      | Found a staircase to the Ecumenical Temple.
  4052 | D:4      | Reached skill level 1 in Poison Magic
  4074 | Temple   | Entered the Ecumenical Temple
  4123 | Temple   | Became a worshipper of Cheibriados the Contemplative
  4225 | D:4      | Reached XP level 6. HP: 47/51 MP: 4/10
  4649 | D:4      | Reached skill level 5 in Unarmed Combat
  4814 | D:4      | Found a bloodstained altar of Trog.
  4814 | D:4      | Found a white marble altar of Elyvilon.
  4831 | D:4      | Reached XP level 7. HP: 57/57 MP: 8/12
  5573 | D:4      | Learned a level 4 spell: Ice Form
  5616 | D:4      | Reached * piety under Cheibriados
  5849 | D:5      | Entered Level 5 of the Dungeon
  6575 | D:5      | Reached skill level 6 in Unarmed Combat
  6733 | D:5      | Reached XP level 8. HP: 60/64 MP: 11/13
  7526 | D:6      | Noticed Sigmund
  7540 | D:6      | Killed Sigmund
  7547 | D:6      | Reached ** piety under Cheibriados
  7741 | D:6      | Gained mutation: You are occasionally teleported next to
                  | monsters. [mutagenic glow]
  7760 | D:6      | Gained mutation: You are weak. (Str -2) [mutagenic glow]
  7769 | D:6      | Reached skill level 7 in Unarmed Combat
  7772 | D:6      | Reached skill level 1 in Armour
  7811 | D:6      | Found a sand-covered staircase.
  7818 | Ossuary  | Entered an ossuary
  7933 | Ossuary  | Reached skill level 5 in Stealth
  8221 | Ossuary  | Reached XP level 9. HP: 73/73 MP: 16/16
  8236 | Ossuary  | Reached *** piety under Cheibriados
  8452 | D:6      | Noticed Maggie
  8516 | D:6      | Reached skill level 8 in Unarmed Combat
  8522 | D:6      | Found an opulent altar of Gozag.
  8618 | D:6      | Killed Maggie
  8766 | D:6      | Identified a scroll of acquirement
  8766 | D:6      | Acquired the +1 barding "Myikuwar" {rElec rF- Will+++
                  | Dex+4}
  8983 | D:6      | Found an iron altar of Okawaru.
  8983 | D:6      | Noticed Edmund
  8997 | D:6      | Killed Edmund
  9139 | D:6      | Found a glowing silver altar of Zin.
  9854 | D:7      | Reached skill level 9 in Unarmed Combat
 10321 | D:8      | Noticed Erica
 10420 | D:8      | Noticed Psyche
 10434 | D:7      | Killed Psyche
 10435 | D:7      | Reached skill level 5 in Spellcasting
 10520 | D:8      | Noticed Maurice
 10526 | D:8      | Reached **** piety under Cheibriados
 10541 | D:7      | Killed Maurice
 10576 | D:8      | Reached XP level 10. HP: 81/81 MP: 17/17
 10601 | D:8      | Reached skill level 1 in Ice Magic
 10983 | D:8      | Noticed Grum
 11000 | D:8      | Reached skill level 5 in Transmutations
 11008 | D:8      | Reached skill level 10 in Unarmed Combat
 11332 | D:8      | Found a hazy altar of Hepliaklqana.
 11372 | D:8      | Noticed a two-headed ogre
 11638 | D:8      | Killed Grum
 11698 | D:8      | Killed a two-headed ogre
 11711 | D:8      | Killed Erica
 12180 | D:9      | Reached skill level 11 in Unarmed Combat
 12186 | D:9      | Reached skill level 5 in Dodging
 12219 | D:9      | Reached ***** piety under Cheibriados
 12319 | D:9      | Found a staircase to the Lair.
 12319 | D:9      | Noticed an elephant
 12511 | D:9      | Killed an elephant
 12512 | D:9      | Reached XP level 11. HP: 90/90 MP: 16/19
 12590 | D:9      | Found a large runed translucent door.
 12591 | D:9      | Found a large runed translucent door.
 12677 | D:9      | Noticed a two-headed ogre
 12687 | D:9      | Killed a two-headed ogre
 12875 | D:9      | Noticed a two-headed ogre
 12884 | D:9      | Killed a two-headed ogre
 13129 | D:9      | Noticed gareppa's ghost (novice GrFi)
 13240 | Lair:1   | Entered Level 1 of the Lair of Beasts
 13822 | Lair:1   | Reached skill level 12 in Unarmed Combat
 13945 | Lair:1   | Reached skill level 1 in Throwing
 14325 | Lair:1   | Noticed a four-headed hydra
 14334 | Lair:1   | Killed a four-headed hydra
 15561 | Lair:2   | Reached XP level 12. HP: 97/97 MP: 19/21
 16115 | Lair:2   | Reached skill level 13 in Unarmed Combat
 16740 | Lair:2   | HP: 1/118 [something (7)]
 16741 | Lair:2   | Killed from afar by a rime drake

Illustrated notes

Levels and vault maps discovered:
D:1:      amcnicky_arrival_feature_with_door, layout_rooms, serial_shops,
          nicolae_shop_temple_entry_statues_fountains,
          chequers_ecumenical_altar_grove
D:2:      wander_river, layout_rooms, minmay_misc_feat_room,
          minmay_misc_feat_diagonals, grunt_decor_resistance
D:3:      layout_loops_corners, mainiacjoe_overflow_six_doors_small,
          nicolae_overflow_hidden_temple, chequers_garden, serial_bayou_pond_c
D:4:      minmay_razor_zed, layout_basic,
          chequers_temple_overflow_statue_of_worship,
          minmay_temple_entry_drinking_statues, serial_park_tiny_pond
D:5:      layout_basic, chequers_jeans
D:6:      layout_loops_ring, pdpol_temple_overflow_zin_treasury_gozag_greed,
          okawaru_gym_becter, chequers_ossuary_entry_cave, uniq_edmund,
          uniq_maggie, uniq_sigmund
D:7:      layout_gridville, nicolae_zen_rock_garden
D:8:      layout_cave_pools, nicolae_hepliaklqana_hippocampus,
          minmay_crossroads, uniq_grum, uniq_erica, uniq_maurice, uniq_psyche
D:9:      layout_small_grid, david_lair_generic, ebering_ghost_disaster_area
Temple:   minmay_temple_bridge_abc
Lair:1:   layout_cave_pods
Lair:2:   layout_loops_ring, serial_bayou_ford_a, bobbens_dragon_lair_wall

Skill      XL: |  1  2  3  4  5  6  7  8  9 10 11 12 |
---------------+-------------------------------------+-----
Stealth        | 2 3 4 5 6 7 |  7.8
Dodging        | 2 3 5 6 |  6.5
Unarmed Combat | 4 5 6 7 9 11 12 13 | 13.2
Spellcasting   | 3 4 5 6 |  6.9
Poison Magic   | 1 2 |  2.6
Transmutations | 3 4 5 6 |  6.6
Armour         | 1 2 3 |  3.3
Fighting       | 2 3 |  3.6
Ice Magic      | 1 2 3 |  3.1
Throwing       | 1 |  1.0

Action                   |  1- 3 |  4- 6 |  7- 9 | 10-12 || total
-------------------------+-------+-------+-------+-------++-------
Melee: Unarmed           |    92 |   164 |   344 |   262 ||   862
       Headbutt          |    10 |     5 |     3 |       ||    18
       Punch             |       |     2 |       |       ||     2
Throw: Dart              |       |       |       |     6 ||     6
 Cast: Beastly Appendage |    20 |    10 |     1 |       ||    31
       Spider Form       |     1 |    18 |    40 |    17 ||    76
       Ice Form          |       |       |     2 |    21 ||    23
 Abil: Spit Poison       |    12 |     9 |     2 |     5 ||    28
  Use: Scroll            |       |     6 |     7 |    12 ||    25
       Potion            |       |     1 |     6 |    11 ||    18
 Stab: Sleeping          |       |     2 |    13 |     4 ||    19
       Distracted        |       |       |       |     1 ||     1
       Invisible         |       |       |       |     1 ||     1
Armor: Robe              |    25 |    36 |       |       ||    61
       Skin              |       |     6 |    18 |    51 ||    75
       Leather armour    |       |       |     6 |     9 ||    15
Dodge: Dodged            |    38 |   143 |   241 |   256 ||   678
